 Dungeon Crawl Stone Soup version 0.22-a0-460-g49b1da7 (webtiles) character file.

52 Cunctator the Digger (level 3, 0/19 HPs)
             Began as a Gargoyle Earth Elementalist on June 9, 2018.
             Slain by Natasha (8 damage)
             ... on level 3 of the Dungeon.
             The game lasted 00:08:42 (2539 turns).

Cunctator the Digger (Gargoyle Earth Elementalist)  Turns: 2539, Time: 00:08:42

Health: 0/19       AC:  5    Str: 11    XL:     3   Next: 85%
Magic:  4/7        EV: 12    Int: 16    God:
Gold:   105        SH:  0    Dex: 10    Spells: 3/7 levels left

rFire    . . .     SeeInvis .   s - +0 mace
rCold    . . .     Gourm    .   (no shield)
rNeg     + . .     Faith    .   c - +0 robe
rPois    ∞         Spirit   .   (no helmet)
rElec    +         Reflect  .   (no cloak)
rCorr    .         Harm     .   (no gloves)
MR       .....                  (no boots)
Stlth    ++........             (no amulet)
HPRegen  0.06/turn              (no ring)
MPRegen  0.10/turn              (no ring)

@: no status effects
A: negative energy resistance 1, electricity resistance, unbreathing,
petrification resistance, rot immunity, AC +3
a: no special abilities


You were on level 3 of the Dungeon.
You were hungry.

You visited 1 branch of the dungeon, and saw 3 of its levels.

You collected 105 gold pieces.

Inventory:

Hand Weapons
 j - a +0 club
 s - a +0 mace (weapon)
Missiles
 b - 30 stones (quivered)
 g - 35 sling bullets
Armour
 c - a +0 robe (worn)
Jewellery
 m - an uncursed amulet of rage {unknown}
 n - a +3 ring of intelligence {unknown}
Scrolls
 a - a scroll of immolation {unknown}
 e - 2 scrolls of noise {unknown}
 f - 4 scrolls of identify {unknown}
 h - 2 scrolls of teleportation {unknown}
 i - a scroll of blinking {unknown}
 o - 2 scrolls of remove curse {unknown}
Potions
 k - a potion of degeneration {unknown}
 l - a potion of curing {unknown}
 q - a potion of lignification {unknown}
 r - a potion of haste {unknown}
Comestibles
 d - 8 rations


   Skills:
 - Level 1.6 Dodging
 - Level 2.3 Stealth
 + Level 2.9 Spellcasting
 + Level 0.1 Conjurations
   Level 0.7 Transmutations
 + Level 4.6 Earth Magic


You had 3 spell levels left.
You knew the following spells:

 Your Spells              Type           Power        Failure   Level  Hunger
a - Sandblast             Erth           ###...       2%          1    #......
b - Stone Arrow           Conj/Erth      ##....       22%         3    ###....

Your spell library contained the following spells:

 Spells                   Type           Power        Failure   Level  Hunger
 Passwall                 Tmut/Erth      ##......     10%         2    ##.....
 Lee's Rapid Deconstruct  Erth           ###.......   61%         5    ######.
 Petrify                  Tmut/Erth      ##......     52%         4    #####..


Dungeon Overview and Level Annotations

Branches:
Dungeon (3/15)

Altars:
Fedhas

Annotations:
D:2 exclusion: oklob plant
D:3 Natasha


Innate Abilities, Weirdness & Mutations

You are resistant to torment.
Your stone body is resilient. (AC +3)
You are immune to poison.
You resist negative energy. (rN+)
You are resistant to electric shocks. (rElec)
You can survive without breathing.
You are immune to petrification.
You are immune to rotting.


Message History

Confirm with . or Enter, or press ? or * to list all spells.
Aiming: Sandblast (safe; 2% risk of failure)
Press: ? - help, Shift-Dir - straight line, f - Natasha, p - adder
Aim: Natasha The blast of sand hits Natasha.
Natasha is moderately wounded.
b - 31 stones The adder bites you but does no damage.
Natasha closely misses you. The adder barely misses you.
Casting: Sandblast (safe; 2% risk of failure)
Confirm with . or Enter, or press ? or * to list all spells.
Aiming: Sandblast (safe; 2% risk of failure)
Press: ? - help, Shift-Dir - straight line, f/p - Natasha
Aim: Natasha (moderately wounded)
The blast of sand hits Natasha.
Natasha is heavily wounded.
b - 30 stones You are feeling hungry.
The adder bites you. Natasha claws you!
You die...

....# #...#
#.#.#####
#........
.........
#........
#........
##h.......
#.@.......
.......S>......
....###........
... .........
.. #........ #
....###[. .....
.. ....##


You could see Natasha and an adder.

Vanquished Creatures
  2 adders (D:2)
  3 orcs (D:2)
  5 bats
  A giant cockroach (D:1)
  4 goblins
  6 hobgoblins
  3 kobolds
  3 frilled lizards
  2 rats (D:1)
  A plant (D:2)
30 creatures vanquished.

Notes
Turn   | Place    | Note
-------+----------+-------------------------------------------
     0 | D:1      | Cunctator the Gargoyle Earth Elementalist began the quest for the Orb.
     0 | D:1      | Reached XP level 1. HP: 10/10 MP: 3/3
   487 | D:1      | Reached XP level 2. HP: 15/15 MP: 3/5
   575 | D:1      | Reached skill level 4 in Earth Magic
  1091 | D:2      | Reached XP level 3. HP: 19/19 MP: 1/6
  1096 | D:2      | Learned a level 3 spell: Stone Arrow
  1188 | D:2      | Found a blossoming altar of Fedhas.
  1203 | D:2      | Noticed an oklob plant
  1409 | D:2      | Found a faded altar of an unknown god.
  2534 | D:3      | Noticed Natasha
  2539 | D:3      | Slain by Natasha

Vault maps used:
D:1:      lemuel_arrival_room
D:2:      first_ration, chequers_ecumenical_altar_simple,
          hangedman_abyss_or_decor_stabs, tgw_fedhas
D:3:      uniq_robin, uniq_natasha

Skill      XL: |  1  2 |
---------------+-------+-----
Earth Magic    | 4 |  4.6
Dodging        | |  1.6
Stealth        | |  2.3
Spellcasting   | |  2.9
Conjurations   | |  0.1
Transmutations | |  0.7

Action                   || total
-------------------------++-------
Melee: Unarmed           ||    17
       Club              ||   224
       Mace              ||    12
 Cast: Sandblast         ||    24
       Stone Arrow       ||     2
 Stab: Sleeping          ||     1
  Eat: Chunk             ||     6
Armor: Robe              ||    70
Dodge: Dodged            ||   161

Table legend:
 A = Spawn XP
 B = Non-spawn XP
 C = Spawn XP percentage of total XP
 D = Spawn monster count
 E = Non-spawn monster count
 F = Spawn count percentage of total count
 G = Total turns spent on level
                    A         B        C        D         E        F      G
               +---------+---------+-------+---------+---------+-------+---------
         Total |       0 |      75 |   0.0 |       0 |      29 |   0.0 |  2539
               +---------+---------+-------+---------+---------+-------+---------
           D:1 |       0 |      22 |   0.0 |       0 |      14 |   0.0 |  1031
           D:2 |       0 |      53 |   0.0 |       0 |      15 |   0.0 |  1483
               +---------+---------+-------+---------+---------+-------+---------
